 Dungeon Crawl Stone Soup version 0.18.1-8-gdd0e5ea (webtiles) character file.

955 namelastname112 the Cutter (level 7, -3/59 HPs)
             Began as a Purple Draconian Arcane Marksman on May 21, 2016.
             Was a Follower of Dithmenos.
             Slain by Duvessa
             ... wielding a +3 short sword
              (4 damage)
             ... on level 4 of the Dungeon.
             The game lasted 00:05:44 (4394 turns).

namelastname112 the Cutter (DrAM)                   Turns: 4394, Time: 00:05:44

Health: -3/59      AC:  7    Str: 13    XL:     7   Next: 91%
Magic:  8/8        EV: 14    Int: 14    God:    Dithmenos [*.....]
Gold:   160        SH:  0    Dex: 17    Spells: 1 memorised, 7 levels left

rFire  . . .     SeeInvis .     x - +0 short sword (venom)
rCold  . . .     Gourm    .     (armour unavailable)
rNeg   . . .     Faith    .     (no shield)
rPois  .         Spirit   .     (helmet restricted)
rElec  .         Dismiss  .     (no cloak)
rCorr  .         Reflect  .     e - +0 pair of gloves
SustAt +         Harm     .     (no boots)
MR     +....                    (no amulet)
Stlth  +++.......               t - +5 ring of dexterity
                                k - ring of sustain attributes

@: short of breath, wreathed by umbra, somewhat resistant to hostile
enchantments, fairly stealthy
A: breathe power, unfitting armour, cold-blooded, AC +6
a: Breathe Dispelling Energy, Renounce Religion


You were on level 4 of the Dungeon.
You worshipped Dithmenos.
Dithmenos was aware of your devotion.
You were very hungry.

You visited 2 branches of the dungeon, and saw 5 of its levels.

You collected 160 gold pieces.

Inventory:

Hand Weapons
 x - a +0 short sword of venom (weapon)
Missiles
 b - 4 javelins
 c - 4 throwing nets (quivered)
 f - 28 poisoned needles
Armour
 e - a +0 pair of gloves (worn)
Jewellery
 k - a ring of sustain attributes (left hand)
 t - a +5 ring of dexterity (right hand)
Wands
 u - a wand of iceblast (9/15)
Scrolls
 h - 6 scrolls of identify {unknown}
 j - 3 scrolls of remove curse {unknown}
 m - a scroll of fog {unknown}
 y - a scroll of recharging {unknown}
Potions
 i - a potion of berserk rage {unknown}
 l - a potion of brilliance {unknown}
 o - 2 potions of curing {unknown}
 r - a potion of flight {unknown}
 s - 2 potions of magic {unknown}
 v - a potion of haste {unknown}
 w - a potion of lignification {unknown}
 A - a potion of cure mutation {unknown}
Books
 a - a book of Debilitation

   Spells                             Type                      Level
   a - Corona                         Hexes                        1
   b - Slow                           Hexes                        2
   c - Gell's Gravitas                Hexes/Translocation          3
   d - Inner Flame                    Hexes/Fire                   3
   e - Cause Fear                     Hexes                        4
   f - Leda's Liquefaction            Hexes/Earth                  4
Comestibles
 d - 4 bread rations
 n - 3 meat rations
 p - a beef jerky
 q - 5 fruits
 z - a slice of pizza


   Skills:
 + Level 4.0 Fighting
 * Level 4.5 Short Blades
 + Level 3.6 Throwing
 + Level 3.6 Dodging
 * Level 4.3 Stealth
 - Level 1.2 Spellcasting
 - Level 3.2 Hexes


You had 7 spell levels left.
You knew the following spells:

 Your Spells              Type           Power        Failure   Level  Hunger
a - Corona                Hex            ##.....      10%         1    ##.....


Dungeon Overview and Level Annotations

Branches:
Dungeon (4/15)             Temple (1/1) D:4

Altars:
Cheibriados
Dithmenos
Elyvilon
Fedhas
Gozag
Kikubaaqudgha
Makhleb
Nemelex Xobeh
Qazlal
Trog
Vehumet
Yredelemnul
Zin

Annotations:
D:4 Duvessa


Innate Abilities, Weirdness & Mutations

You can breathe bolts of dispelling energy.
Your rich purple scales are hard (AC +6).
Your body does not fit into most forms of armour.
You are cold-blooded and may be slowed by cold attacks.


Message History

Press: ? - help, Shift-Dir - straight line, f/p - Duvessa
Aim: Duvessa, wielding an enchanted short sword and wearing a scale mail (moderately wounded, berserk, fast, unusually strong, poisoned, umbra)
You throw a throwing net. The throwing net hits Duvessa.
Duvessa is caught in the net!
Duvessa is moderately wounded.
Duvessa struggles against the net. x2
The helpless Duvessa fails to defend herself.
You puncture Duvessa!
Duvessa looks even sicker.
You tail-slap Duvessa, but do no damage.
Duvessa is heavily wounded.
Duvessa struggles against the net.
The net rips apart, and Duvessa comes free!
You hit Duvessa.
You tail-slap Duvessa, but do no damage.
Duvessa is heavily wounded.
Duvessa is no longer berserk.
Duvessa hits you with an enchanted short sword!
* * * LOW HITPOINT WARNING * * *
Duvessa hits you with an enchanted short sword.
You die...

....#####.###.# ##.##.....#
##...>....# #.# #..###..###
##......## #.## #.## ##e#
###..###..###..# ##.# #.# ..
....## #...##..# #.## #e###...
....## #.......####.#
##....... ###..#
##...........# ##........
##.##
#........e..####..#.###..
#..###.......@...##...##.## ..
#
##..##..............###...###.
##
#..##.....#####...##≈≈...≈≈#.
.## ##.......##
##...#≈..♣..≈#. ..###...###..#
##............ #.......# #..#
#....♣._.♣... .[......# #..#
##..........# .###....# ##.#
##..#≈..♣..≈## ## ###..# #.##
##...#≈≈...≈≈#


You could see Duvessa.

Vanquished Creatures
  Pikel (D:4)
  An ice beast (D:4)
  An ogre (D:4)
  Dowan (D:4)
  A quasit (D:4)
  An orc priest (D:4)
  Terence (D:3)
  Natasha (D:3)
  A worker ant (D:4)
  6 adders
  An adder skeleton (D:4)
  3 dart slugs
  2 giant geckos
  5 orcs (D:3)
  5 giant cockroaches
  4 goblins (D:1)
  6 hobgoblins
  8 jackals
  5 bats
  2 giant newts
  5 kobolds
  44 rats
105 creatures vanquished.

Vanquished Creatures (others)
  2 slaves (D:4)
  An orc wizard (D:4)
  3 orcs (D:4)
  A quokka (D:4)
7 creatures vanquished.

Grand Total: 112 creatures vanquished

Notes
Turn   | Place    | Note
--------------------------------------------------------------
     0 | D:1      | namelastname112 the Draconian Arcane Marksman began the quest for the Orb.
     0 | D:1      | Reached XP level 1. HP: 16/16 MP: 2/2
   400 | D:1      | Reached XP level 2. HP: 18/23 MP: 3/3
   889 | D:1      | Reached skill level 1 in Stealth
  1029 | D:2      | Reached XP level 3. HP: 27/29 MP: 4/4
  1277 | D:2      | Reached skill level 1 in Short Blades
  1939 | D:2      | Reached XP level 4. HP: 34/36 MP: 5/5
  2096 | D:3      | Noticed Terence
  2128 | D:3      | Killed Terence
  2411 | D:3      | Reached XP level 5. HP: 39/42 MP: 6/6
  2726 | D:3      | Noticed Natasha
  2742 | D:3      | Killed Natasha
  3096 | D:4      | Found a white marble altar of Elyvilon.
  3209 | D:4      | Noticed a slave
  3210 | D:4      | Noticed a slave
  3211 | D:4      | Found a staircase to the Ecumenical Temple.
  3212 | D:4      | Noticed Pikel
  3213 | D:4      | Noticed a slave
  3213 | D:4      | Noticed a slave
  3274 | D:4      | Killed Pikel
  3274 | D:4      | Reached XP level 6. HP: 7/51 MP: 7/7
  3274 | D:4      | Your scales start taking on a rich purple colour.
  3274 | D:4      | Reached XP level 7. HP: 8/57 MP: 8/8
  3669 | Temple   | Entered the Ecumenical Temple
  3729 | Temple   | Became a worshipper of Dithmenos the Shadowed
  4161 | D:2      | Reached * piety under Dithmenos
  4346 | D:4      | Noticed Dowan
  4350 | D:4      | Noticed Duvessa
  4366 | D:4      | Killed Dowan
  4394 | D:4      | HP: 1/59 [Duvessa/enchanted short sword (8)]
  4394 | D:4      | Slain by Duvessa

Skill      XL: |  1  2  3  4  5  6  7 |
---------------+----------------------+-----
Throwing       | 2 3 |  3.6
Dodging        | 2 3 |  3.6
Stealth        | 1 2 3 4 |  4.3
Fighting       | 2 3 4 |  4.0
Short Blades   | 1 3 4 |  4.5
Hexes          | 3 |  3.2
Spellcasting   | |  1.2

Action                   |  1- 3 |  4- 6 |  7- 9 || total
-------------------------+-------+-------+-------++-------
Melee: Spear             |    41 |       |       ||    41
       Tailslap          |    10 |    22 |    12 ||    44
       Short sword       |   123 |   177 |    75 ||   375
Throw: Javelin           |     1 |     4 |     1 ||     6
       Throwing net      |       |     3 |     2 ||     5
 Abil: Breathe Dispellin |       |       |     3 ||     3
  Use: Potion            |       |     2 |     1 ||     3
 Stab: Sleeping          |     2 |     2 |     6 ||    10
       Held in net/web   |       |       |     1 ||     1
  Eat: Chunk             |     3 |     5 |     3 ||    11
Armor: Skin              |    56 |    80 |    13 ||   149
Dodge: Dodged            |   135 |   142 |    45 ||   322
